[Event "2nd Serbia Open Masters 2022"]
[Site "Novi Sad"]
[Date "2022.06.28"]
[Round "1.52"]
[White "Sharma Isha"]
[Black "Nitish Belurkar"]
[Result "0-1"]
[ECO "C07"]
[WhiteElo "2207"]
[BlackElo "2452"]
[Annotator "TA"]
[PlyCount "86"]
[EventDate "2022.06.28"]
[EventType "swiss"]
[EventCountry "SRB"]
[SourceTitle "playchess.com"]
[Source "ChessBase"]
[SourceQuality "1"]
[TimeControl "40/5400+30:900+30"]

1. e4 e6 2. d4 d5 3. Nd2 c5 4. exd5 Qxd5 5. Ngf3 cxd4 6. Bc4 Qd7 {[%emt 0:00:25] C07: French Tarrasch: 3...c5, 4 Ngf3 and 4 exd5 Qxd5.} 7. Nb3 Nc6 8. Nbxd4 {[%emt 0:00:13] 8.Nbxd4 is better than 8.0-0.} Nxd4 {[%emt 0:00:06] White has an edge.} 9. Nxd4 a6 {[%emt 0:00:09] Prevents Bb5.} 10. Bf4 Ne7 11. Qd2 Ng6 {[%emt 0:07:42] [#]} 12. Bg3 $146 {[%emt 0:06:44] White wants to play 0-0-0.} ({Predecessor:} 12. O-O-O Bc5 13. Bg3 b5 14. Be2 O-O 15. Qc3 Qa7 16. Bf3 Bb7 17. Nxe6 fxe6 18. Rd7 {1-0 (33) Adams,M (2709)-Suarez Gomez,J (2486) Caleta 2018}) 12... e5 13. Nf3 Qxd2+ 14. Kxd2 f6 15. Rhe1 Bf5 16. Rad1 O-O-O+ 17. Kc1 Bc5 18. Rd5 Rxd5 19. Bxd5 Rd8 (19... h5 $5 20. Be4 Bxe4 21. Rxe4 Kd7 $17) 20. Rd1 Rd7 21. Nh4 Nxh4 22. Bxh4 h5 {[%emt 0:04:07] [#] aiming for ...g5.} 23. Bg3 Bg4 $36 {[%emt 0:06:48][%mdl 2048] Black has good play.} 24. Rd3 Bd4 25. Bf3 Bxf3 26. Rxf3 $17 {[%emt 0:07:29][%mdl 4096] Endgame [#] KRB-KRB} e4 $1 27. Rf4 (27. Ra3 $17) 27... e3 $19 {[%emt 0:03:53] Hoping for ...Bc5.} 28. c3 Ba7 {[%emt 0:03:20] Black is more active.} ({Black should try} 28... Bb6 {...e2 is the strong threat.} 29. f3 (29. Rc4+ Kd8 $17) 29... Rd2) 29. Kc2 $2 {[%emt 0:03:21] This costs White the game.} (29. Rc4+ $17 {was worth a try.} Kd8 30. f4) 29... Rd2+ 30. Kc1 Re2 31. Rc4+ Kd8 32. fxe3 Bxe3+ 33. Kb1 (33. Kd1 {was forced.} Rd2+ 34. Ke1) 33... Rxg2 {[%emt 0:00:06] Strongly threatening ...g5.} 34. Bc7+ (34. Re4 $142 Bg1 35. Rh4) 34... Kd7 35. Bg3 g5 36. Rc7+ Ke6 37. Rxb7 f5 38. Bc7 f4 {[%emt 0:00:14] Threatens to win with ...f3.} 39. Bd8 Bc5 {[%emt 0:05:39] And now ...f3 would win.} 40. Bb6 Bxb6 41. Rxb6+ Ke5 {[%emt 0:00:15] ( -> ...f3)} 42. Kc1 f3 43. Kd1 Rg1+ {[%emt 0:00:02] Weighted Error Value: White=0.89/Black=0.13 (very precise)} 0-1

[Event "2nd Serbia Open Masters 2022"]
[Site "Novi Sad"]
[Date "2022.06.29"]
[Round "2.1"]
[White "Sarana, Alexey"]
[Black "Amartuvshin, Ganzorig"]
[Result "1-0"]
[ECO "E51"]
[WhiteElo "2675"]
[BlackElo "2350"]
[Annotator "TA"]
[PlyCount "129"]
[EventDate "2022.06.28"]
[EventType "swiss"]
[EventCountry "SRB"]
[SourceTitle "playchess.com"]
[Source "ChessBase"]
[SourceQuality "1"]
[TimeControl "40/5400+30:900+30"]

1. d4 Nf6 2. c4 e6 3. Nc3 Bb4 4. e3 O-O 5. Nf3 d5 6. Bd2 b6 7. cxd5 exd5 8. Bd3 {[%emt 0:00:17] E51: Nimzo-Indian: Rubinstein: 4...0-0 5 Nf3 d5.} Ba6 9. Bxa6 Nxa6 10. Qa4 {[%emt 0:00:11] White has an edge.} Qc8 11. O-O Be7 12. Ne5 c5 13. f4 {[%emt 0:05:37] [#]} Nc7 $146 ({Predecessor:} 13... Bd6 14. Be1 Qb7 15. Bh4 cxd4 16. exd4 Ne4 17. Nxe4 dxe4 18. Nc4 Bb4 19. Qb5 Rfc8 {½-½ (61) Jimenez Ruano,A (2323)-Rasmussen,A (2569) Benasque 2019}) 14. Be1 Qe8 15. Bh4 Qxa4 16. Nxa4 c4 17. Nc3 Rfe8 18. a4 a6 (18... Bb4 $15) 19. Bxf6 $11 gxf6 20. Nf3 Bb4 21. Kf2 a5 (21... Bxc3 $142 22. bxc3 b5) 22. Ne2 b5 23. Rfd1 bxa4 24. Rxa4 Nb5 25. Nh4 Nd6 26. Ng3 Rab8 27. Nhf5 Nxf5 28. Nxf5 Rb5 29. Kf3 Kf8 30. Rc1 Re6 31. Rc2 Rbb6 32. Ke2 Rb5 33. Kd1 Re4 34. Rf2 Kg8 35. Ke2 Be7 36. Kf3 {[%emt 0:00:33][%cal Oa4c4] Rxc4! is the strong threat.} Re6 37. Rc2 Bd8 38. Ra2 Kf8 39. Kg4 Bc7 40. Kh5 Kg8 41. Rc3 Re8 42. Kg4 Kf8 43. Rc2 Rb3 44. Re2 Re4 45. Rf2 Rd3 (45... Re8 $11) 46. Ra1 Re8 {[%emt 0:01:24] [#]} 47. Kh5 $1 Rb8 {[%emt 0:01:16] [#]} (47... Kg8 $14) 48. Re1 (48. Kh6 $1 $16) 48... a4 (48... Rdb3 $5 49. Ree2 a4 $11) 49. Kh6 $2 ({White should play} 49. Rc2 $11) 49... c3 $2 (49... a3 $17 {stays on course.} 50. bxa3 Ba5) 50. bxc3 $18 Rxc3 51. Ra1 a3 52. Rfa2 Rbb3 53. Kxh7 Ba5 54. h4 Bb4 55. h5 Rc8 56. g4 Ra8 57. g5 fxg5 58. fxg5 {[%emt 0:00:01] And now g6 would win.} Be7 $2 (58... Ke8 {is a better chance.} 59. Rf1 Kd7) 59. g6 fxg6 60. hxg6 {[%emt 0:00:03] aiming for g7+.} Bb4 $2 (60... Bf6 61. Rf2 Rb6 62. g7+ Bxg7) 61. Rf1 {[%emt 0:00:42] Strongly threatening Rc2. White is clearly winning.} Rb2 {[%emt 0:00:17] Prevents Rc2.} 62. g7+ Kf7 63. Ng3+ Ke6 64. Rxb2 axb2 65. Rb1 {[%emt 0:00:06] Weighted Error Value: White=0.20 (precise) /Black=0.36} 1-0

[Event "2nd Serbia Open Masters 2022"]
[Site "Novi Sad"]
[Date "2022.06.29"]
[Round "2.2"]
[White "Ivic, Velimir"]
[Black "Risteski, Emil"]
[Result "1/2-1/2"]
[ECO "B45"]
[WhiteElo "2623"]
[BlackElo "2391"]
[Annotator "TA"]
[PlyCount "110"]
[EventDate "2022.06.28"]
[EventType "swiss"]
[EventCountry "SRB"]
[SourceTitle "playchess.com"]
[Source "ChessBase"]
[SourceQuality "1"]
[TimeControl "40/5400+30:900+30"]

1. e4 c5 2. Nf3 e6 3. d4 cxd4 4. Nxd4 Nf6 5. Nc3 Nc6 6. a3 d6 7. Be3 $1 {[%emt 0:00:26][%mdl 4] now scores much better than the old 7.Be2.} Be7 {[%emt 0:01:22] B45: Sicilian Four Knights.} 8. Qe2 Nxd4 9. Bxd4 e5 {[%emt 0:00:18] The position is equal.} 10. Be3 O-O 11. O-O-O Be6 {[%emt 0:01:43] [#]} 12. f3 $146 ({Predecessor:} 12. Qe1 Rc8 13. Kb1 a6 14. f4 exf4 15. Bxf4 Qb6 16. Be3 Qc6 17. Bd3 Rfe8 18. Bd4 {1-0 (63) Petrov,M (2521)-Lubbe,N (2427) Reykjavik 2021}) 12... Qa5 13. Qd2 Rfd8 14. Kb1 (14. Nb5 $5 Qxd2+ 15. Rxd2 $11) 14... Kf8 (14... Qc7 $11) 15. Bg5 (15. Bd3 $14) 15... Rab8 $11 16. Be2 b5 17. Bxf6 Bxf6 18. Nd5 {[%emt 0:00:12] Prevents b4.} Qxd2 19. Rxd2 Bg5 20. Rd3 Bxd5 21. Rxd5 b4 22. axb4 Rxb4 23. c3 Rbb8 24. Kc2 Be3 25. Ra1 Ke7 26. b4 g6 27. g3 Rd7 28. Ba6 Rf8 29. Re1 Bb6 30. f4 f6 31. Rf1 Rdd8 32. h4 exf4 33. Rxf4 h6 34. Rf1 Rg8 35. Kd3 g5 (35... h5 $14) 36. h5 $16 g4 37. Rdf5 {[%emt 0:01:29] Black must now prevent Bc4.} Rdf8 38. Bc4 Rg5 39. Bd5 Rg7 40. Bc6 (40. c4 $142) 40... Rc8 {[%emt 0:00:00] [#]} (40... Rg5 $142) 41. e5 $1 fxe5 42. Bd5 a5 43. b5 (43. Rf7+ $16 Rxf7 44. Rxf7+ Ke8 45. Rf6) 43... e4+ $1 $14 44. Bxe4 {[%emt 0:00:00] aiming for Rf6.} Rc5 $1 45. Rf8 {[%emt 0:00:00] And now Rb8 would win.} d5 46. Bg6 {[%emt 0:00:00] White is much more active.} Rxb5 47. Rb8 (47. Re1+ $14 Kd6 48. Rf6+ (48. Be8 Rb2 $14) 48... Kc7 49. Ree6 (49. Be8 Rb2 $14)) 47... Kd6 $1 $11 48. Kc2 {[%emt 0:00:00] Strongly threatening Bd3.} a4 $132 {[%emt 0:01:48][%mdl 2048] Black is not holding back} 49. Be8 Kc7 {[%emt 0:00:04] Hoping for ...Ra5.} 50. Bxb5 {[%emt 0:00:45] Rff8 is the strong threat.} Kxb8 {[%emt 0:00:04] KRB-KRB} 51. Rf6 Be3 52. Bxa4 Bg5 53. Rf5 Re7 54. Rxd5 Re3 55. Rd3 Rxd3 {[%emt 0:00:05] Weighted Error Value: White=0.09 (flawless) /Black=0.10 (very precise)} 1/2-1/2

[Event "2nd Serbia Open Masters 2022"]
[Site "Novi Sad"]
[Date "2022.06.29"]
[Round "2.3"]
[White "Kamalidenova, Meruert"]
[Black "Jumabayev, Rinat"]
[Result "0-1"]
[ECO "C67"]
[WhiteElo "2408"]
[BlackElo "2628"]
[Annotator "TA"]
[PlyCount "161"]
[EventDate "2022.06.28"]
[EventType "swiss"]
[EventCountry "SRB"]
[SourceTitle "playchess.com"]
[Source "ChessBase"]
[SourceQuality "1"]
[TimeControl "40/5400+30:900+30"]

1. e4 e5 2. Nf3 Nc6 3. Bb5 Nf6 4. O-O Nxe4 5. d4 Nd6 6. dxe5 Nxb5 7. a4 d6 8. axb5 Nxe5 9. Re1 Be7 10. Nd4 {[%emt 0:07:34] C67: Ruy Lopez: Berlin Defence: 4 0-0 Nxe4.} (10. Nxe5 $11 dxe5 11. Qxd8+ Kxd8 12. Rxe5) 10... O-O $17 {[%emt 0:04:42] [#]} 11. Nc3 $146 ({Predecessor:} 11. f4 Bg4 12. Qd2 Nc4 13. Qb4 Nb6 14. h3 Bd7 15. Ra3 Re8 16. c4 d5 17. c5 Nc4 18. Rd3 b6 19. Nb3 bxc5 20. Nxc5 Bxc5+ 21. Qxc5 {0-1 (21) Stepanovic,B (2002)-Sosna,J (2341) Slovakia 2016}) 11... Re8 12. Nd5 {[%emt 0:06:48] Black is better.} Bg4 13. f3 Bh4 14. fxg4 (14. Re2 $17 Bd7 15. Bd2) 14... Bxe1 $19 15. Qxe1 {[%emt 0:01:35] [#]} Nf3+ $1 {[%emt 0:05:04][%mdl 576] Discovered Attack} 16. Nxf3 Rxe1+ $40 {[%emt 0:00:04][%mdl 128] Black has strong attack.} 17. Nxe1 Qe8 18. Nf3 Qxb5 19. Ne3 a5 20. Kf2 Re8 21. b3 (21. c4 $142 Qb6 22. Ra4) 21... Qc5 22. Bd2 b6 23. Ra4 {[%emt 0:03:24] [#]} Rxe3 $1 24. Bxe3 Qxc2+ 25. Nd2 d5 {[%emt 0:00:30] Inhibits Rc4.} 26. Rd4 c6 27. Ke2 Qc3 28. g5 Kf8 29. h4 Ke7 30. h5 Ke6 31. Rf4 c5 (31... b5 $1 $19 {Threatens to win with ...c5.} 32. h6 gxh6) 32. h6 $17 gxh6 33. Rf6+ Kd7 34. Rxf7+ Ke8 {[%emt 0:00:11] Chess con chili.} 35. Rb7 (35. Rf5 $17) 35... d4 $19 36. Bf4 hxg5 37. Bxg5 Qg3 38. Re7+ Kf8 39. Ne4 Qxg2+ 40. Kd3 Qf1+ 41. Kd2 a4 42. bxa4 c4 43. Re6 c3+ 44. Nxc3 Qg2+ (44... dxc3+ $142 45. Kxc3 Qf3+ 46. Kd4 Qg4+ 47. Kd5 Qxg5+ 48. Re5 Qd2+ 49. Ke4 Qc2+ 50. Ke3 Qb3+ 51. Kf2 Qxa4) 45. Ne2 Qxg5+ {[%emt 0:00:06][%mdl 4096] Endgame KQ-KRN} 46. Kd3 h5 47. Nxd4 h4 48. Rxb6 {[%emt 0:01:43] White threatens Ne6+ and mate.} Qg2 49. Rf6+ Ke8 $2 (49... Kg7 50. Rf4 h3) 50. Re6+ Kd7 (50... Kf7 $1 $19 {aiming for ...h3.} 51. Re2 Qd5) 51. Re2 $17 Qf1 52. Ke3 Qg1+ 53. Ke4 Qd1 {[%emt 0:00:50] And now ...h3 would win.} ({Not} 53... h3 $2 54. Nf3 Qg4+ 55. Ke3) 54. Ke3 Qxa4 ({Black should try} 54... Qc1+ $17 55. Ke4 Qb1+ 56. Ke3 Qg1+ 57. Kd3 Qg4) 55. Nf3 $1 $15 Qa3+ 56. Kf2 Qc5+ 57. Kg2 Qf5 $1 58. Kf2 Qf4 $1 59. Rd2+ Ke6 60. Rd4 Qg3+ 61. Ke3 h3 {[%emt 0:00:18] ...h2 is the strong threat.} 62. Re4+ Kd7 ({Black should play} 62... Kd5 $17 {Strongly threatening ...h2.} 63. Rd4+ Kc5) 63. Rd4+ (63. Rg4 $1 $15 Qb8 64. Kf2) 63... Ke8 64. Rd2 {[%emt 0:00:23] Inhibits h2.} Ke7 65. Ke4 Kf6 66. Ke3 Kg6 ({Don't blunder} 66... Kf5 $2 67. Rd5+ Kf6 68. Rd2 $19) 67. Ke4 $2 (67. Rd8 $17 {might work better.} Qc7 68. Rd1) 67... Qc7 $1 $19 68. Ke3 Kh5 $2 (68... Qc3+ $19 69. Ke2 Kf5) 69. Rd5+ (69. Rd4 $1 $15) 69... Kh6 $17 70. Rd2 $2 {[%emt 0:00:13] Against h2} (70. Rd4 $17 {was worth a try.}) 70... Qb8 (70... Qc3+ $19 {has better winning chances.} 71. Ke2 Kh5) 71. Ke4 $2 (71. Rd4 $17 {is a better defense.}) 71... Qb4+ $19 72. Ke3 {[%emt 0:00:33] [#]} Qc3+ $1 73. Rd3 $2 (73. Ke2) 73... Qc5+ 74. Ke4 Qf2 $2 (74... Qc2 $19 75. Ke3 h2 76. Rd6+ Kg7 77. Rd7+ Kf6 78. Nxh2 Qxh2) 75. Rd6+ $1 $15 Kg7 76. Rd7+ {[%emt 0:00:25] [#]} ({White must play} 76. Kf4 $1 $15) 76... Kf6 ({Better is} 76... Kf8 $1 $17 77. Rd8+ Ke7) 77. Rd6+ $2 (77. Kf4 $15) 77... Ke7 78. Rd5 $2 (78. Rh6 $19 Qg3 79. Ke3) 78... Qg2 {[%emt 0:00:45] Black mates.} 79. Re5+ Kd6 80. Rd5+ Kc6 81. Kd4 {[%emt 0:01:14] Weighted Error Value: White=0.45/Black=0.33} 0-1

[Event "2nd Serbia Open Masters 2022"]
[Site "Novi Sad"]
[Date "2022.06.29"]
[Round "2.4"]
[White "Motylev, Alexander"]
[Black "Song, Julien"]
[Result "1-0"]
[ECO "C00"]
[WhiteElo "2633"]
[BlackElo "2388"]
[Annotator "TA"]
[PlyCount "169"]
[EventDate "2022.06.28"]
[EventType "swiss"]
[EventCountry "SRB"]
[SourceTitle "playchess.com"]
[Source "ChessBase"]
[SourceQuality "1"]
[TimeControl "40/5400+30:900+30"]

1. g3 d5 2. Nf3 Nf6 3. Bg2 e6 4. O-O Be7 5. d3 O-O 6. Nbd2 c5 7. e4 Nc6 8. Re1 Qc7 9. Qe2 b5 10. e5 Nd7 11. Nf1 Bb7 12. Bf4 {[%emt 0:01:12] C00: French: Unusual White 2nd moves.} Rfc8 13. h4 Qd8 14. N1h2 {[%emt 0:03:17] Black has an edge.} a5 15. c3 a4 {[%emt 0:03:29] [#]} 16. a3 $146 ({Predecessor:} 16. h5 h6 17. Qe3 a3 18. b3 d4 19. cxd4 Nxd4 20. Nxd4 cxd4 21. Qe2 Bxg2 22. Kxg2 {0-1 (34) Reis,P (2377)-Lima,D (2535) Natal 2019}) 16... b4 17. Qc2 bxc3 18. bxc3 Ba6 19. Ng4 Bf8 (19... Rab8 {is more complex.} 20. h5 h6 21. c4 dxc4 22. dxc4 Nd4) 20. Bf1 Ne7 21. c4 Bb7 22. Bg2 Nf5 23. Qe2 Bc6 24. h5 h6 25. Red1 (25. Ne3 $1 $15 Nxe3 26. Bxe3) 25... Rab8 26. Ngh2 Rb6 27. Rac1 Rcb8 28. g4 Nd4 29. Nxd4 cxd4 30. cxd5 Bxd5 31. Bxd5 exd5 32. Nf3 Bxa3 (32... Nc5 $17 {And now ...Ne6 would win.} 33. Nxd4 Nb3 34. Nxb3 axb3) 33. Ra1 $1 $15 Bc5 (33... Qf8 $15) 34. Rxa4 $11 Nf8 35. Ra2 ({Avoid the trap} 35. Nxd4 $2 Qd7 36. Rda1 Rb1+ 37. Kg2 Rxa1 38. Rxa1 Bxd4 $19) 35... Ne6 36. Bg3 Be7 37. Kg2 Qd7 38. Rda1 R6b7 39. Rc1 Bg5 40. Nxg5 hxg5 41. Qf3 Rb3 42. Ra5 Rc3 43. Rca1 Rbc8 44. Rxd5 (44. h6 $14 {might be stronger.}) 44... Qb7 45. Rd1 R8c5 46. Rd6 Qxf3+ 47. Kxf3 Rb5 48. Rd2 Kf8 49. Ke4 Rcc5 ({Black should try} 49... Rbb3 $14) 50. Ra2 Ra5 {[%emt 0:00:02] Prevents Ra8+.} 51. Rb2 {[%emt 0:00:11] Threatens to win with Rb8+.} Rcb5 {[%emt 0:00:16] Inhibits Rb8+.} 52. Rb6 Rxb2 (52... Rxb6 $1 $14 53. Rxb6 Ra2) 53. Rxb2 $14 {[%emt 0:00:01][%mdl 4096] Endgame KRB-KRN} Ra4 (53... Ra1 $16 54. f3 Rd1) 54. Kd5 $2 (54. Rc2 $18) 54... Ra5+ $11 55. Ke4 $2 (55. Kc6 $11) 55... Ra4 $1 $18 {[%emt 0:00:03] Black is on the road to losing.} 56. Rc2 {[%emt 0:02:07] Prevents Nc5+.} Ke7 57. f3 {[%emt 0:00:11] aiming for Bf2.} Ra1 58. Bf2 Rf1 59. Ra2 (59. Bxd4 Nxd4 60. Kxd4 Rxf3 $16) 59... Kd7 60. Kd5 Nf4+ $2 (60... Ke7 61. Rc2 (61. Bxd4 Rxf3 62. Ra7+ Kf8 $14) 61... Rd1) 61. Kxd4 Rd1 62. Ra3 Rf1 63. Ke3 Ke6 $2 (63... Ng2+ 64. Ke2 Rb1) 64. d4 {[%emt 0:00:16] White is clearly winning.} Nh3 65. Ra6+ Kd5 66. Ra5+ Kc4 67. Rc5+ Kb4 68. Bg3 {[%emt 0:00:48] Black must now prevent Rc7.} Rg1 {[%emt 0:00:11] [#]} (68... Ng1 $142 69. Bf2 Nh3) 69. e6 $1 fxe6 70. Bd6 Kb3 71. Rc7 Re1+ 72. Kd2 Rf1 73. Ke2 Rf2+ 74. Ke3 Rf1 75. Rxg7 Kc2 76. Rc7+ Kd1 77. Bg3 {[%emt 0:00:37] h6 is the strong threat.} Ng1 78. Bf2 Nh3 {[%emt 0:00:13] [#]} 79. Ra7 $1 Kc2 80. Bg3 Ng1 81. Rf7 Kd1 82. h6 {[%emt 0:00:24] Intending h7 and mate.} Ne2 83. h7 Rh1 84. Be5 Re1 85. Kd3 {[%emt 0:00:14] Weighted Error Value: White=0.21 (precise) /Black=0.22 (precise)} ({Weaker is} 85. h8=Q Nf4+ 86. Kf2 Re2+ 87. Kg1 Re1+ 88. Kf2 Re2+ 89. Kg1 Re1+ 90. Kh2 Re2+ 91. Kh1 Re1+ 92. Kh2 Re2+ 93. Kh1 Re1+ 94. Kh2 $11) 1-0

[Event "2nd Serbia Open Masters 2022"]
[Site "Novi Sad"]
[Date "2022.06.29"]
[Round "2.5"]
[White "Utsab Chatterjee"]
[Black "Bernadskiy, Vitaliy"]
[Result "0-1"]
[ECO "C77"]
[WhiteElo "2403"]
[BlackElo "2636"]
[Annotator "TA"]
[PlyCount "80"]
[EventDate "2022.06.28"]
[EventType "swiss"]
[EventCountry "SRB"]
[SourceTitle "playchess.com"]
[Source "ChessBase"]
[SourceQuality "1"]
[TimeControl "40/5400+30:900+30"]

1. e4 {[%emt 0:00:01] Tiviakov,S} e5 2. Nf3 Nc6 3. Bb5 a6 4. Ba4 Nf6 5. d3 d6 6. c3 g6 7. Bg5 Bg7 {[%emt 0:02:19] 7...h6 is not played anymore. C77: Ruy Lopez: 3...a6 4 Ba4 Nf6, unusual lines.} 8. Nbd2 h6 9. Bh4 O-O {[%emt 0:03:37] The position is equal.} 10. Nf1 b5 11. Bb3 Na5 12. Bc2 c5 13. Ne3 Be6 {[%emt 0:00:40] [#]} 14. a3 $146 ({Predecessor:} 14. O-O Qd7 15. a3 Ng4 16. Nxg4 Bxg4 17. h3 Be6 18. Re1 f5 19. d4 f4 20. dxe5 {1-0 (39) Tiviakov,S (2648)-Eljanov,P (2701) Montreal 2007 CBM 119 [Tiviakov,S]}) 14... Nc6 15. b4 a5 16. a4 cxb4 17. axb5 Na7 18. c4 Nc8 19. Qd2 Nb6 20. h3 Qc7 21. Bxf6 Bxf6 22. O-O Bg7 23. Rfc1 Qc5 24. Rab1 f5 25. Bd1 (25. Nh4 $11) 25... f4 ({Black should play} 25... fxe4 $15 26. dxe4 Bf7) 26. Nf1 (26. Nd5 $1 $11) 26... Nd7 $17 {[%emt 0:00:46] Black is more active.} 27. Ra1 Qb6 28. Rcb1 Bf7 29. Qe2 Bf6 30. g4 {[%emt 0:02:57] Now White is beyond hope.} (30. Ra4 $17) 30... fxg3 $1 $19 31. Nxg3 Kh7 32. Qe3 Qb7 33. Ra2 Bd8 34. Nh2 Nc5 35. Ng4 Bg5 36. Qe2 Ne6 37. Rba1 (37. Qf1 $142) 37... Nf4 38. Qc2 (38. Qf1 $142 Be6 39. f3 (39. Rxa5 $2 Rxa5 40. Rxa5 h5 $19)) 38... Be6 {[%emt 0:01:37] ...h5 is the strong threat. Black is clearly winning.} 39. Rxa5 Rxa5 40. Rxa5 Nxh3+ {[%emt 0:00:00] Weighted Error Value: White=0.40/Black=0.08 (flawless)} 0-1

[Event "2nd Serbia Open Masters 2022"]
[Site "Novi Sad"]
[Date "2022.06.29"]
[Round "2.6"]
[White "Adhiban, B.."]
[Black "Moksh Amit Doshi"]
[Result "1-0"]
[ECO "A17"]
[WhiteElo "2616"]
[BlackElo "2398"]
[Annotator "TA"]
[PlyCount "81"]
[EventDate "2022.06.28"]
[EventType "swiss"]
[EventCountry "SRB"]
[SourceTitle "playchess.com"]
[Source "ChessBase"]
[SourceQuality "1"]
[TimeControl "40/5400+30:900+30"]

1. Nf3 d5 2. e3 Nf6 3. c4 e6 4. Nc3 b6 5. cxd5 exd5 6. g3 {[%emt 0:00:55] A17: English Opening: 1...Nf6 with ...Bb4.} Bd6 7. Bg2 O-O 8. O-O {[%emt 0:00:05] The position is equal.} Ba6 9. Re1 Re8 {[%emt 0:02:21] [#]} 10. d4 $146 ({Predecessor:} 10. d3 Nbd7 11. Nd4 c5 12. Ndb5 Ne5 13. d4 Nc6 14. Nxd6 Qxd6 15. dxc5 Qxc5 16. Nxd5 Nxd5 17. Qxd5 Qxd5 18. Bxd5 {1-0 (72) Keymer,V (2591)-Pichot,A (2630) Biel 2021}) 10... Nbd7 11. b3 Bb4 12. Bb2 Ne4 13. Rc1 c5 14. dxc5 Ndxc5 {[%emt 0:01:04] [#] And now ...Nd3 would win.} 15. Bf1 {[%emt 0:01:45] Against Nd3} Bxf1 (15... Rc8 {is more complex.} 16. Bxa6 Nxa6 17. Qd4 Bxc3 18. Bxc3 f6) 16. Rxf1 Bxc3 17. Bxc3 Nxc3 18. Rxc3 Ne4 19. Rc2 Qd7 20. Qe2 Rac8 21. Rfc1 Nd6 22. Qd3 Rxc2 23. Rxc2 Ne4 24. Nd4 h5 {[%emt 0:02:57] [#]} 25. Qb5 $1 Rd8 26. Qxd7 Rxd7 $16 {[%emt 0:00:09][%mdl 4096] Endgame KRN-KRN} 27. Rc8+ Kh7 28. Kf1 Nd6 29. Ra8 {[%emt 0:03:49] White is more active.} g6 30. f3 Kg7 31. Ke2 Kf6 32. Kd3 Nb7 33. Nb5 a6 34. Nd4 Nc5+ 35. Kd2 a5 36. Nb5 Ke7 37. Kc3 Rb7 38. Kd4 Ke6 (38... Rd7 $16 {was worth a try.}) 39. h4 $18 Rd7 40. Rb8 Nb7 41. Nc3 {[%emt 0:04:29] Weighted Error Value: White=0.03 (flawless) /Black=0.11 (very precise)} 1-0

[Event "2nd Serbia Open Masters 2022"]
[Site "Novi Sad"]
[Date "2022.06.29"]
[Round "2.7"]
[White "Muthaiah AL"]
[Black "Aryan Chopra"]
[Result "1/2-1/2"]
[ECO "A62"]
[WhiteElo "2401"]
[BlackElo "2609"]
[Annotator "TA"]
[PlyCount "87"]
[EventDate "2022.06.28"]
[EventType "swiss"]
[EventCountry "SRB"]
[SourceTitle "playchess.com"]
[Source "ChessBase"]
[SourceQuality "1"]
[TimeControl "40/5400+30:900+30"]

1. d4 {[%emt 0:01:06] Hillarp Persson,T} Nf6 2. c4 g6 3. g3 Bg7 4. Bg2 O-O 5. Nc3 d6 6. Nf3 c5 7. d5 e6 8. O-O exd5 9. cxd5 Re8 10. Bf4 Bf5 $1 {[%emt 0:00:44][%mdl 4] is currently scoring better than 10...a6. A62: Modern Benoni: Fianchetto Variation without early ...Nbd7.} 11. Nh4 Bc8 12. Qd2 {[%emt 0:02:38] [#]} Bf8 $146 ({Predecessor:} 12... a6 13. a4 Qe7 14. h3 Nbd7 15. e4 Rb8 16. Nf3 b5 17. axb5 axb5 18. Rfe1 b4 {½-½ (47) Inarkiev,E (2727)-Harikrishna,P (2750) Moscow 2017 CBM 179 [Hillarp Persson,T]}) 13. Rfe1 a6 14. e4 Nbd7 15. Nf3 (15. a4 {with more complications.} Ng4 16. Bf3 Nde5 17. Be2) 15... Ng4 {[%emt 0:01:58] Against e5} 16. a4 Rb8 17. Rab1 Qa5 18. h3 Nge5 19. Nxe5 Nxe5 20. Bxe5 dxe5 21. b3 b5 22. axb5 axb5 23. b4 (23. Bf1 $11) 23... cxb4 24. Na2 Bd7 25. Nxb4 Rec8 {[%emt 0:09:43] And now ...Rc4 would win.} 26. Bf1 {[%emt 0:01:30] Inhibits Rc4.} Bc5 27. Rec1 Kg7 {[%emt 0:09:02] [#] aiming for ...Bxb4.} (27... Bd4 $5 ) 28. Rxc5 Rxc5 29. Qb2 $1 Rbc8 (29... Re8 $142) 30. Qxe5+ $11 Kg8 31. Qb2 Qb6 32. Qd4 Bxh3 {[%emt 0:01:12] [#]} 33. Nd3 ({White must play} 33. d6 $1 $16 {Black must now prevent Nd5.} Bxf1 34. Rxf1 (34. Nd5 Qxd6 35. Nf6+ Qxf6 $11)) 33... Bxf1 {[%emt 0:00:12] The position is equal.} 34. Nxc5 Qxc5 35. Qxc5 Rxc5 36. Kxf1 {[%emt 0:00:16][%mdl 4096] Endgame KR-KR} f5 37. Rd1 {[%emt 0:02:37] Hoping for e5.} fxe4 38. d6 {[%emt 0:00:01] Threatening mate with d7.} Rc8 39. d7 Rd8 40. Ke2 Kf7 41. Ke3 Ke7 42. Rd5 Rb8 43. d8=Q+ Rxd8 44. Kxe4 $2 {[%emt 0:14:17][%mdl 40960] Weighted Error Value: White=0.12 (very precise) /Black=0.15 (very precise) . An unexpected result.} (44. Rxb5 $11 Kf6 45. Rb7) 1/2-1/2

[Event "2nd Serbia Open Masters 2022"]
[Site "Novi Sad"]
[Date "2022.06.29"]
[Round "2.8"]
[White "Puranik, Abhimanyu"]
[Black "Drnovsek, Gal"]
[Result "1-0"]
[ECO "B95"]
[WhiteElo "2608"]
[BlackElo "2398"]
[Annotator "TA"]
[PlyCount "53"]
[EventDate "2022.06.28"]
[EventType "swiss"]
[EventCountry "SRB"]
[SourceTitle "playchess.com"]
[Source "ChessBase"]
[SourceQuality "1"]
[TimeControl "40/5400+30:900+30"]

1. e4 c5 2. Nf3 d6 3. d4 cxd4 4. Nxd4 Nf6 5. Nc3 a6 6. Bg5 e6 7. Qf3 Be7 8. O-O-O Qc7 9. Kb1 {[%emt 0:07:43] B95: Sicilian Najdorf: 6 Bg5 e6, unusual White 7th moves.} Nc6 10. Nxc6 bxc6 {[%emt 0:02:49] [#]} 11. Qg3 $146 {[%emt 0:07:26] White has an edge.} ({Predecessor:} 11. Bc4 Rb8 12. Bb3 O-O 13. h4 Qa5 14. e5 Qxe5 15. Rhe1 Qa5 16. Ne4 Nxe4 17. Bxe7 Qxe1 {0-1 (30) Alvarez Soto,A-Torrado Quintela,J (2129) Santiago de Compostela 2003}) 11... e5 12. Be2 O-O 13. f4 Ne8 14. f5 Bb7 15. Bc4 Rd8 16. Rd3 {[%emt 0:02:58] 0x0.002229fb0e48dp-1022s more active pieces.} Bxg5 17. Qxg5 h6 18. Qh4 Nf6 {[%emt 0:03:36] [#]} (18... d5 $142) 19. g4 $1 $16 Qe7 $2 (19... Nh7 $16) 20. g5 $18 hxg5 21. Qxg5 Nd5 22. h4 Nxc3+ 23. Rxc3 ({Not} 23. bxc3 Qf6 $16) 23... Qf6 24. Rg3 {[%emt 0:00:38] [#] White wants to mate with Qxf6.} Kh7 25. Rhg1 {[%emt 0:01:05] Threatening mate with Qh5+.} Rg8 26. Qh5+ Qh6 27. Qxf7 {[%emt 0:00:10] Black got outplayed after the opening.  Weighted Error Value: White=0.05 (flawless) /Black=0.77} 1-0